 Dungeon Crawl Stone Soup version 0.29-a0-551-gffc1d7fb78 (webtiles) character file.

Game seed: 11188863114899538936

849 zeratav the Digger (level 8, -2/46 HPs)
             Began as an Octopode Earth Elementalist on June 5, 2022.
             Slain by a hound (3 damage)
             ... on level 5 of the Dungeon on June 6, 2022.
             The game lasted 00:07:40 (6311 turns).

zeratav the Digger (Octopode Earth Elementalist)    Turns: 6311, Time: 00:07:40

Health: -2/46      AC:  1    Str:  8      XL:     8   Next: 1%
Magic:  4/14       EV: 13    Int: 19      God:
Gold:   252        SH:  0    Dex: 11 (12) Spells: 12/16 levels left

rFire   . . .      SeeInvis .   u - +1 short sword (venom) {short}
rCold   . . .      Faith    .   (no shield)
rNeg    . . .      Spirit   .   (helmet restricted)
rPois   .          Reflect  .   h - amulet of the acrobat
rElec   .          Harm     .   (no ring)
rCorr   .          Rampage  .   (no ring)
Will    .....                   (no ring)
Stlth   +++.......              (no ring)
HPRegen 0.15/turn               (no ring)
MPRegen 0.14/turn               (no ring)
                                (no ring)
                                (no ring)

@: no status effects
A: almost no armour, amphibious, 8 rings, camouflage 1, gelatinous body 1,
(nimble swimmer 1), tentacles
a: no special abilities


You were on level 5 of the Dungeon.
You visited 1 branch of the dungeon, and saw 5 of its levels.

You collected 252 gold pieces.


Innate Abilities, Weirdness & Mutations

You cannot wear most types of armour.
You are amphibious.
You can wear up to eight rings at the same time.
Your skin changes colour to match your surroundings (Stealth+).
Your rubbery body absorbs attacks. (AC +1, EV +1)
((You are camouflaged when in or above water. (Stealth+)))
You have tentacles for arms and can constrict up to eight enemies at once.


   Skills:
 - Level 2.0 Dodging
 - Level 2.6 Stealth
 + Level 4.5 Spellcasting
 + Level 3.6 Transmutations
 * Level 7.1 Earth Magic


You had 12 spell levels left.
You knew the following spells:

 Your Spells              Type           Power      Damage    Failure   Level
a - Sandblast             Erth           62%        2d14      1%          1
b - Stone Arrow           Conj/Erth      34%        3d9       9%          3

Your spell library contained the following spells:

 Spells                   Type           Power      Damage    Failure   Level
 Passwall                 Tmut/Erth      20%        N/A       2%          2
 Apportation              Tloc           8%         N/A       13%         1
 Necrotize                Necr           16%        1d4       13%         1
 Summon Small Mammal      Summ           16%        N/A       13%         1
 Petrify                  Tmut/Erth      24%        N/A       14%         4
 Gell's Gravitas          Tloc           4%         N/A       36%         3
 Teleport Other           Tloc           4%         N/A       36%         3
 Cause Fear               Hex            2%         N/A       78%         4
 Dispersal                Tloc           2%         N/A       100%        6
 Dragon Form              Tmut           9%         N/A       100%        7
 Dragon's Call            Summ           2%         N/A       100%        9

Inventory:

Hand Weapons
 u - a +1 short sword of venom (weapon) {short}
   (You took it off an orc on level 5 of the Dungeon)
Missiles
 a - 84 stones {throwing}
Magical Staves
 s - a staff of cold {staff}
   (You found it on level 5 of the Dungeon)
Jewellery
 h - an amulet of the acrobat (around mantle)
   (You found it on level 2 of the Dungeon)
Scrolls
 c - 8 scrolls of identify {unknown}
 e - 4 scrolls of magic mapping {unknown}
 f - a scroll of summoning {unknown}
 i - 2 scrolls of vulnerability {unknown}
 k - a scroll of fog {unknown}
 m - a scroll of enchant armour {unknown}
 n - 2 scrolls of poison {unknown}
 q - a scroll of teleportation {unknown}
Potions
 b - a potion of magic
 g - a potion of flight {unknown}
 j - 2 potions of attraction {unknown}
 l - 3 potions of curing {unknown}
 o - a potion of degeneration {unknown}
 p - 2 potions of brilliance {unknown}
 r - 2 potions of might {unknown}
 t - a potion of lignification {unknown}

Dungeon Overview and Level Annotations

Branches:
Dungeon (5/15)
 Temple: D:4-7

Altars:
Vehumet

Annotations:
D:5 Dowan, Duvessa

#.........
#.........
#.........
##.......#
#........ .
##....e. ..
##..he.#
...##....@#
.........## .#
.........# ..#
....##..## ..## ...
##.## ##..### #..#
######.....#. #..#
#...#........ ≈≈
##.###.......#♣♣♣♣♣
≈≈≈
#......≈P≈≈≈≈≈≈≈≈♣♣


You could see Duvessa, Dowan and a hound.


Message History

Found a stone staircase leading down.
HP[+4] MP[+4]
Your hp is fully restored (41).
Your mp is fully restored (13).
a - 94 stones {throwing} (gained 14)
There is a stone staircase leading down here.
Found a stone staircase leading up.
r - 2 fizzy puce potions (gained 1)
There is a stone staircase leading up here.
The ogre shouts!
You can't see any susceptible monsters within range! (Use Z to cast anyway.)
You can't see any susceptible monsters within range! (Use Z to cast anyway.) Unknown command.
Casting: Sandblast (safe; 1% risk of failure)
Confirm with . or Enter, or press ? or * to list all spells.
Aiming: Stone Arrow (dangerous; 10% risk of failure)
Press: ? - help, Shift-Dir - straight line, f - ogre
Aim: an ogre, wielding a +0 giant club (85% to hit)
The stone arrow hits the ogre!
MP[-3]
You lost 3 mp, and now have 10/13 mp.
The blast of sand hits the ogre.
MP[-1]
You lost 1 mp, and now have 9/13 mp.
The blast of sand hits the ogre!!
You kill the ogre!
You feel your dexterity returning.
You have reached level 8!
HP[+5] MP[-1]
You now have 46 max hp (+5).
Your hp is fully restored (46).
You see here a +0 giant club {mace}.
MP[+6]
Your mp is fully restored (14).
Duvessa is nearby!
Duvessa is nearby!
Duvessa shouts!
You hear a bark!
You hear a shout!
Casting: Sandblast (safe; 1% risk of failure)
Confirm with . or Enter, or press ? or * to list all spells.
Aiming: Stone Arrow (dangerous; 9% risk of failure)
Press: ? - help, Shift-Dir - straight line, f - Duvessa
Aim: Duvessa, wielding a +5 short sword of holy wrath and wearing a +0 scale mail (77% to hit)
The stone arrow misses Duvessa.
MP[-3]
You lost 3 mp, and now have 11/14 mp.
The blast of sand hits Duvessa but does no damage.
MP[-1]
You lost 1 mp, and now have 10/14 mp.
The blast of sand hits Duvessa.
Dowan, Brother of Duvessa comes into view.
He is wielding a +2 dagger of venom.
MP[-1]
You lost 1 mp, and now have 9/14 mp.
The blast of sand hits Duvessa but does no damage.
A hound comes into view.
Duvessa hits you with a +5 short sword of holy wrath!
HP[-7] MP[-1]
You take 7 damage, and now have 39/46 hp.
You lost 1 mp, and now have 8/14 mp.
The blast of sand hits Duvessa but does no damage.
Duvessa hits you with a +5 short sword of holy wrath!
HP[-15] MP[-1]
You take 15 damage, and now have 24/46 hp.
MASSIVE DAMAGE!! (PAUSE)
You lost 1 mp, and now have 7/14 mp.
You are too injured to fight recklessly!
Casting: Sandblast (safe; 1% risk of failure)
Confirm with . or Enter, or press ? or * to list all spells.
Aiming: Sandblast (safe; 1% risk of failure)
Press: ? - help, Shift-Dir - straight line, f/p - Duvessa
Aim: Duvessa, wielding a +5 short sword of holy wrath and wearing a +0 scale mail (lightly wounded, 87% to hit)
The blast of sand hits Duvessa but does no damage.
Duvessa hits you with a +5 short sword of holy wrath!
* * * LOW HITPOINT WARNING * * *
HP[-17] MP[-1]
You take 17 damage, and now have 7/46 hp.
MASSIVE DAMAGE!! (PAUSE)
You lost 1 mp, and now have 6/14 mp.
Casting: Sandblast (safe; 1% risk of failure)
Confirm with . or Enter, or press ? or * to list all spells.
Aiming: Sandblast (safe; 1% risk of failure)
Press: ? - help, Shift-Dir - straight line, f/p - Duvessa
Aim: Duvessa, wielding a +5 short sword of holy wrath and wearing a +0 scale mail (lightly wounded, 87% to hit)
The blast of sand hits Duvessa!
Duvessa hits you with a +5 short sword of holy wrath.
* * * LOW HITPOINT WARNING * * *
HP[-6]
You take 6 damage, and now have 1/46 hp.
Casting: Sandblast (safe; 1% risk of failure)
Confirm with . or Enter, or press ? or * to list all spells.
Aiming: Sandblast (safe; 1% risk of failure)
Press: ? - help, Shift-Dir - straight line, f/p - Duvessa
Aim: Duvessa, wielding a +5 short sword of holy wrath and wearing a +0 scale mail (moderately wounded, 87% to hit)
The blast of sand hits Duvessa.
Duvessa closely misses you.
MP[-1]
You lost 1 mp, and now have 5/14 mp.
Casting: Sandblast (safe; 1% risk of failure)
Confirm with . or Enter, or press ? or * to list all spells.
Aiming: Sandblast (safe; 1% risk of failure)
Press: ? - help, Shift-Dir - straight line, f/p - Duvessa
Aim: Duvessa, wielding a +5 short sword of holy wrath and wearing a +0 scale mail (heavily wounded, 87% to hit)
The blast of sand hits Duvessa!
The hound bites you.
You die...

Skill      XL: |  1  2  3  4  5  6  7 |
---------------+----------------------+-----
Earth Magic    | 4 5 6 7 |  7.1
Spellcasting   | 3 4 |  4.5
Transmutations | 3 |  3.6
Dodging        | |  2.0
Stealth        | |  2.6

Action                   |  1- 3 |  4- 6 |  7- 9 || total
-------------------------+-------+-------+-------++-------
Melee: Unarmed           |    13 |       |       ||    13
       Tentacles         |    17 |    20 |       ||    37
       Constrict         |    15 |    22 |       ||    37
       Short sword       |    45 |    98 |       ||   143
       Dagger            |     6 |       |       ||     6
 Cast: Sandblast         |    18 |    42 |    22 ||    82
       Stone Arrow       |       |       |     4 ||     4
 Stab: Sleeping          |     5 |    10 |       ||    15
Armor: Skin              |     4 |    11 |       ||    15
Dodge: Dodged            |    59 |   118 |     4 ||   181

Levels and vault maps discovered:
D:1:      moated_graveyard_arrival, layout_rooms, basic_ecumenical_altar,
          amcnicky_mini_corridor_feature
D:2:      minmay_skewed_foursquare, layout_loops_ring, basic_altar,
          kennysheep_doodads
D:3:      layout_basic
D:4:      layout_cave_pools, small_statue_alley_b
D:5:      layout_layer_cave, serial_bayou, serial_bayou_lagoon_b,
          serial_bayou_lagoon_a, serial_bayou_shore_a, serial_bayou_crossing,
          uniq_duvessa, uniq_eustachio

Notes
Turn   | Place    | Note
-------+----------+-------------------------------------------
     0 | D:1      | zeratav the Octopode Earth Elementalist began the quest for
                  | the Orb.
     0 | D:1      | Reached XP level 1. HP: 11/11 MP: 3/3
     0 | D:1      | magus.rc [v1.9.6]
   611 | D:1      | Reached XP level 2. HP: 15/17 MP: 5/5
   882 | D:1      | Reached XP level 3. HP: 21/21 MP: 3/6
   902 | D:1      | HP: 5/21 [goblin/+0 club (3)]
  1307 | D:1      | Found a faded altar of an unknown god.
  1378 | D:2      | Reached skill level 4 in Earth Magic
  1576 | D:2      | You pick up a book of Cantrips and begin reading...
  1576 | D:2      | You add the spells Necrotize, Summon Small Mammal and
                  | Apportation to your library.
  1580 | D:2      | You pick up a book of the Dragon and begin reading...
  1580 | D:2      | You add the spells Cause Fear, Dragon Form and Dragon's
                  | Call to your library.
  1659 | D:2      | Reached XP level 4. HP: 27/27 MP: 8/8
  1979 | D:2      | Reached skill level 3 in Spellcasting
  2209 | D:2      | Found a radiant altar of Vehumet.
  2769 | D:3      | Reached XP level 5. HP: 31/31 MP: 7/9
  2773 | D:3      | Reached skill level 5 in Earth Magic
  3137 | D:3      | You add the spells Gell's Gravitas, Teleport Other and
                  | Dispersal to your library.
  3841 | D:4      | Reached XP level 6. HP: 32/36 MP: 8/11
  3848 | D:4      | Reached skill level 2 in Transmutations
  3952 | D:3      | magus.rc [v1.9.6]
  4270 | D:4      | Identified the +1 robe of the Playwright {Dex-2 Slay+2
                  | Archmagi}
  4528 | D:5      | Entered Level 5 of the Dungeon
  4561 | D:5      | Noticed a steam dragon
  4587 | D:5      | Reached skill level 6 in Earth Magic
  4760 | D:5      | Noticed Duvessa
  5166 | D:5      | Noticed Eustachio
  5184 | D:4      | Learned a level 3 spell: Stone Arrow
  5467 | D:5      | HP: 9/36 [quasit[Eustachio] (1)]
  5469 | D:5      | HP: 4/36 [quasit[Eustachio] (2)]
  5470 | D:5      | Killed Eustachio
  5471 | D:5      | Reached skill level 4 in Spellcasting
  5471 | D:5      | Reached skill level 3 in Transmutations
  5471 | D:5      | Reached XP level 7. HP: 5/41 MP: 1/13
  6086 | D:5      | Reached skill level 7 in Earth Magic
  6226 | D:5      | Reached XP level 8. HP: 46/46 MP: 8/14
  6305 | D:5      | Noticed Dowan
  6308 | D:5      | HP: 7/46 [Duvessa/+5 short sword of holy wrath (17)]
  6309 | D:5      | HP: 1/46 [Duvessa/+5 short sword of holy wrath (6)]
  6311 | D:5      | Slain by a hound

Vanquished Creatures
  Eustachio (D:5)
  An ogre (D:5)
  A phantom (D:5)
  A bullfrog (D:5)
  A scorpion (D:5)
  A howler monkey (D:4)
  3 hounds
  A gnoll shaman (D:4)
  An iguana (D:4)
  8 gnolls
  8 adders
  An ufetubus (D:4)
  2 dart slugs
  7 orcs
  9 endoplasms
  3 giant cockroaches
  5 goblins
  8 hobgoblins
  7 jackals
  2 quokkas
  7 ball pythons (D:1)
  7 bats
  2 frilled lizards
  5 kobolds
  6 rats
98 creatures vanquished.

Vanquished Creatures (others)
  An ufetubus (D:5)
  59 plants (D:5)
60 creatures vanquished.

Grand Total: 158 creatures vanquished

Table legend:
 A = Non-vault XP
 B = Vault XP
 C = Vault XP percentage of total XP
 D = Non-vault monster count
 E = Vault monster count
 F = Vault count percentage of total count
                 A         B        C        D         E       F
            +---------+---------+-------+---------+---------+-------
      Total |     986 |     228 |  18.8 |      91 |       7 |   7.1
            +---------+---------+-------+---------+---------+-------
        D:1 |      46 |       0 |   0.0 |      30 |       0 |   0.0
        D:2 |      89 |      25 |  21.9 |      17 |       6 |  26.1
        D:3 |      88 |       0 |   0.0 |      16 |       0 |   0.0
        D:4 |     288 |       0 |   0.0 |      17 |       0 |   0.0
        D:5 |     475 |     203 |  29.9 |      11 |       1 |   8.3
            +---------+---------+-------+---------+---------+-------

Illustrated notes

Table legend:
 A = Kills in this place as a percentage of kills in entire the game.
 B = Kills by you in this place as a percentage of kills by you in the entire game.
 C = Kills by friends in this place as a percentage of kills by friends in the entire game.
 D = Other kills in this place as a percentage of other kills in the entire game.
 E = Experience gained in this place as a percentage of experience gained in the entire game.
 F = Experience gained in this place divided by the number of levels of this place that you have seen.
                   A       B       C       D       E      F
               +-------+-------+-------+-------+-------+----------------------
         Total | 100.0 | 100.0 |   N/A |   N/A | 100.0 | 242.8
       Dungeon | 100.0 | 100.0 |   N/A |   N/A | 100.0 | 242.8
               +-------+-------+-------+-------+-------+----------------------

Table legend: (Time is in decaauts)
 A = Elapsed time spent in this place.
 B = Non-inter-level travel time spent in this place.
 C = Inter-level travel time spent in this place.
 D = Time resting spent in this place.
 E = Time spent auto-exploring this place.
 F = Levels seen in this place.
 G = Mean time per level.
                   A        B        C        D        E       F      G
               +--------+--------+--------+--------+--------+-----+--------+
         Total |   6326 |   6198 |    128 |   2021 |   3426 |   5 | 1265.2 |
       Dungeon |   6326 |   6198 |    128 |   2021 |   3426 |   5 | 1265.2 |
               +--------+--------+--------+--------+--------+-----+--------+

Top non-repeatable levels by time:
     D:4: 1707 daAuts
     D:1: 1365 daAuts
     D:2: 1353 daAuts
     D:3: 1057 daAuts
     D:5: 842 daAuts
